[Event "*** SCC Grand Prix: Titled Tuesday Blitz"]
[Site "Chess.com"]
[Date "2020.07.21"]
[Round "10"]
[White "TioCridineno"]
[Black "anpospan"]
[Result "0-1"]
[WhiteElo "2169"]
[BlackElo "2279"]
[TimeControl "180+1"]
[EndTime "11:59:32 PDT"]
[Termination "anpospan won by resignation"]

1. e4 b6 2. d4 Bb7 3. Bd3 e6 4. Qe2 Nf6 5. Nd2 Be7 6. c3 c5 7.
Ngf3 d6 8. O-O Qc7 9. a4 e5 10. d5 g6 11. b4 Nbd7 12. Re1 Nh5 13. Nf1 a5 14. Bb5 O-O 15. bxa5 bxa5 16. c4 Nf4 17. Qc2 Bf6 18. g3 Nh5 19. Ne3 Bg7 20. Nh4 Bc8 21. h3 Ndf6 22. Kg2 h6 23. Rb1 Ra7 24. Bd2 Qe7 25. Bc6 Nh7 26. Ng4 Ng5 27. f3 f5 28.
exf5 Bxf5 29. Nxf5 gxf5 30. Nf2 f4 31. g4 Ng3 32. Rb5 Nxf3 33. Kxf3 Qh4 34. Rg1 Re7 35. Rb7 e4+ 36. Nxe4 Rxe4 37. Bc3 Bxc3 38. Qxc3 Re3+ 39. Kg2 Rxc3 40. Re1 Rc2+ 41. Kg1 Qxh3 0-1

[Event "*** SCC Grand Prix: Titled Tuesday Blitz"]
[Site "Chess.com"]
[Date "2020.07.21"]
[Round "10"]
[White "Vision_64"]
[Black "harkerchess"]
[Result "0-1"]
[WhiteElo "2202"]
[BlackElo "2122"]
[TimeControl "180+1"]
[EndTime "11:59:32 PDT"]
[Termination "harkerchess won by checkmate"]

1. e4 e5 2. Nf3 Nc6 3. Bc4 Bc5 4. b4 Bxb4 5. c3 Ba5 6. d4 exd4 7. Qb3 Qf6 8. O-O dxc3 9. e5 Qg6 10. Nxc3 Bxc3 11.
Qxc3 Nge7 12. Ba3 O-O 13. Bb5 Re8 14. Rad1 a6 15. Bc4 b5 16. Bb3 Bb7 17. Nh4 Qg5 18.
Nf3 Qf5 19. Bc2 Qh5 20. Rxd7 b4 21. Bxb4 Nxb4 22. Qxb4 Bxf3 23. gxf3 Nc6 24. Qg4 Qxg4+ 25.
fxg4 Nxe5 26. Rxc7 Nxg4 27. Bb3 Nh6 28. Rd1 Rad8 29.
Rdc1 g6 30. Ra7 Rd6 31. Rcc7 Rf6 32. Kg2 Kg7 33. Ba4 Re2 34. Bb3 Rexf2+ 35. Kg3 R6f3+ 36. Kh4 Rxh2+ 37. Kg5 Rh5# 0-1

[Event "*** SCC Grand Prix: Titled Tuesday Blitz"]
[Site "Chess.com"]
[Date "2020.07.21"]
[Round "10"]
[White "Larina_Marija"]
[Black "Fore_Man"]
[Result "1-0"]
[WhiteElo "2113"]
[BlackElo "2281"]
[TimeControl "180+1"]
[EndTime "11:59:32 PDT"]
[Termination "Larina_Marija won by checkmate"]

1. e4 e6 2. d4 d5 3. Nc3 Bb4 4. exd5 exd5 5. Bd3 Ne7 6. Qh5 Be6 7. Nf3 Nbc6 8. O-O Qd7 9. a3 Bd6 10. Ng5 Nxd4 11. Nxe6 Nxe6 12. f4 g6 13. Qf3 Nd4 14.
Qf2 Ndf5 15. Nb5 O-O 16. Nxd6 Qxd6 17. g4 Ng7 18. b4 Ne6 19. f5 Nd8 20. f6 Nc8 21.
Qh4 Re8 22. Bf4 Qb6+ 23. Kh1 Ne6 24. Rae1 Nd6 25. Qh6 Ne4 26. Bxe4 dxe4 27. Rxe4 Qc6 28. Re1 Rad8 29. b5 Qc5 30. Rxe6 Qd5+ 31. Kg1 Qd4+ 32. Kg2 Qd5+ 33. Kh3 Qf3+ 34. Bg3 Qxf6 35. Rxe8+ Rxe8 36. Rxe8# 1-0

[Event "*** SCC Grand Prix: Titled Tuesday Blitz"]
[Site "Chess.com"]
[Date "2020.07.21"]
[Round "10"]
[White "mfwagnerpeixoto"]
[Black "manmanlai1"]
[Result "1-0"]
[WhiteElo "2285"]
[BlackElo "2460"]
[TimeControl "180+1"]
[EndTime "11:59:33 PDT"]
[Termination "mfwagnerpeixoto won by resignation"]

1. e4 c5 2. Nf3 e6 3. d3 Nc6 4. Nbd2 g6 5. g3 Bg7 6. Bg2 Nge7 7. O-O d6 8. c3 Rb8 9. a4 a6 10. Re1 O-O 11. h4 b5 12. axb5 axb5 13. Nf1 b4 14. Bd2 Bb7 15. h5 Qb6 16. Ne3 Ra8 17. Nc4 Qc7 18.
Rxa8 Rxa8 19. hxg6 hxg6 20. Ng5 Ne5 21. Nxe5 Bxe5 22.
Qg4 Bg7 23. Qh4 Kf8 24. Nh7+ Ke8 25. Nf6+ Kd8 26. Bg5 Kc8 27. cxb4 Bc6 28. bxc5 dxc5 29. Rc1 Qb6 30. Be3 Ra5 31. Ng4 Kd7 32. Qh7 Bxb2 33.
Qxf7 Bxc1 34. Ne5+ Kc8 35. Qxe6+ Kb8 36. Nd7+ 1-0

[Event "*** SCC Grand Prix: Titled Tuesday Blitz"]
[Site "Chess.com"]
[Date "2020.07.21"]
[Round "10"]
[White "FontVella8"]
[Black "ChronicUnhappiness"]
[Result "1-0"]
[WhiteElo "2580"]
[BlackElo "2384"]
[TimeControl "180+1"]
[EndTime "11:59:35 PDT"]
[Termination "FontVella8 won by resignation"]

1. b3 e5 2. Bb2 Nc6 3. g3 Nf6 4. Bg2 d5 5. d3 Bd6 6. Nd2 O-O 7. e4 Bg4 8. Ngf3 a5 9. a4 Bb4 10.
h3 Bh5 11. c3 Bd6 12. Qc2 d4 13. O-O dxc3 14. Bxc3 Nd7 15. Nc4 f6 16. Nh4 Bb4 17. Bb2 Nc5 18. Rad1 Nd4 19. Bxd4 Qxd4 20. Nf5 Qd7 21.
g4 Bf7 22. d4 exd4 23. Rxd4 Qe8 24. Rfd1 Ne6 25. R4d3 Nf4 26. Rd7 Ne6 27. Qc1 Rd8 28.
Rxd8 Nxd8 29. g5 fxg5 30. Qxg5 Ne6 31. Qg3 Bg6 32. Nce3 Kh8 33. h4 Qf7 34. Bh3 Bh5 35. Rc1 g6 36. Qe5+ Qf6 37. Qxf6+ Rxf6 38. Ng3 Bd6 39.
Nd5 Rf3 40. Bxe6 Bxg3 41. fxg3 Rxg3+ 42. Kf2 Rxb3 43. Rxc7 Rf3+ 44. Kg2 Rf8 1-0

[Event "*** SCC Grand Prix: Titled Tuesday Blitz"]
[Site "Chess.com"]
[Date "2020.07.21"]
[Round "10"]
[White "KuzubovYuriy"]
[Black "SiddharthGMJagadeesh"]
[Result "1/2-1/2"]
[WhiteElo "2832"]
[BlackElo "2604"]
[TimeControl "180+1"]
[EndTime "11:59:37 PDT"]
[Termination "Game drawn by repetition"]

1. d4 Nf6 2. c4 b6 3. f3 Nc6 4. Nc3 e5 5. d5 Ne7 6. e4 Ng6 7. Be3 Bc5 8. Bxc5 bxc5 9. Qd2 d6 10. Bd3 Nh5 11. g3 O-O 12. O-O-O Rb8 13. h4 Nxg3 14. Rh2 Nh5 15. Nge2 Qf6 16. Qe3 Ngf4 17. Rg1 Bd7 18. Rg5 h6 19. Rg1 Rb4 20. a3 Nxd3+ 21. Qxd3 Rb3 22. Qe3 Rfb8 23. Ng3 Qf4 24. Qxf4 Nxf4 25.
Rd2 Bc8 26. Nge2 Nxe2+ 27. Rxe2 Ba6 28. h5 Kh7 29. f4 exf4 30. Rf2 Bxc4 31. Rxf4 f6 32.
e5 Bd3 33. exf6 gxf6 34. Rg3 c4 35. Rxf6 Rxb2 36. Rf7+ Kh8 37. Rf6 Rc2+ 38. Kd1 Kh7 39. Rf7+ Kh8 40. Rf6 Kh7 41. Rf7+ Kh8 42. Rf6 1/2-1/2

[Event "*** SCC Grand Prix: Titled Tuesday Blitz"]
[Site "Chess.com"]
[Date "2020.07.21"]
[Round "10"]
[White "vpsetter"]
[Black "NormWeinstein"]
[Result "1-0"]
[WhiteElo "2608"]
[BlackElo "2463"]
[TimeControl "180+1"]
[EndTime "11:59:37 PDT"]
[Termination "vpsetter won by checkmate"]

1. e4 c5 2. Nf3 d6 3. d4 Nf6 4. Nc3 cxd4 5. Nxd4 Nc6 6. Bg5 e6 7. Qd2 Be7 8. O-O-O O-O 9. Nb3 a6 10. f4 Qc7 11.
Be2 b5 12. Bf3 Bb7 13. g4 Rfd8 14. h4 Rac8 15. Kb1 b4 16. Ne2 d5 17. e5 Ne4 18.
Qe3 a5 19. Nbd4 Qb6 20. Bxe7 Nxe7 21. f5 Ba6 22. f6 Ng6 23. Bxe4 dxe4 24. h5 Bxe2 25.
hxg6 h6 26. fxg7 Rxd4 27. Qxh6 Rxd1+ 28. Rxd1 fxg6 29. Qh8+ Kf7 30. Rd7# 1-0

[Event "*** SCC Grand Prix: Titled Tuesday Blitz"]
[Site "Chess.com"]
[Date "2020.07.21"]
[Round "10"]
[White "ichangedmyname_yup"]
[Black "bazar-wokzal"]
[Result "0-1"]
[WhiteElo "2332"]
[BlackElo "2429"]
[TimeControl "180+1"]
[EndTime "11:59:38 PDT"]
[Termination "bazar-wokzal won on time"]

1. e4 Nc6 2. Nf3 d5 3. exd5 Qxd5 4. Nc3 Qa5 5. d4 Bg4 6. Be2 O-O-O 7. Bd2 Bxf3 8.
Bxf3 Nxd4 9. Bg4+ f5 10. Bf3 Nf6 11. Be3 e5 12. O-O Bb4 13. Qc1 Nxf3+ 14. gxf3 Bxc3 15. bxc3 Qd5 16. Kg2 f4 17. Bxa7 b6 18. Qa3 Kb7 19.
Rfd1 Qc6 20. Bxb6 cxb6 21. Qe7+ Rd7 22. Qxe5 Rhd8 23. Rxd7+ Rxd7 24. Rb1 Nd5 25. Rb3 Nc7 26. Qxf4 Rd6 27. Qe3 Rg6+ 28. Kf1 Qc4+ 29. Ke1 Re6 0-1

[Event "*** SCC Grand Prix: Titled Tuesday Blitz"]
[Site "Chess.com"]
[Date "2020.07.21"]
[Round "10"]
[White "Matols"]
[Black "talaicito"]
[Result "1-0"]
[WhiteElo "2212"]
[BlackElo "2074"]
[TimeControl "180+1"]
[EndTime "11:59:38 PDT"]
[Termination "Matols won on time"]

1. d4 e6 2. c4 f5 3. Nf3 Nf6 4. g3 Be7 5. Bg2 d6 6. O-O O-O 7. Nc3 Ne4 8. Qc2 Nxc3 9. Qxc3 a5 10. b3 Nc6 11. Bb2 Bf6 12. e3 e5 13. Rad1 Qe8 14. dxe5 dxe5 15. Qc1 g5 16. Qa1 g4 17. Nd2 Qe7 18. f4 e4 19. Bxf6 Qxf6 20. Qxf6 Rxf6 21.
Nb1 Be6 22. Nc3 Nb4 23. Rd4 Nc2 24. Nxe4 fxe4 25. Rxe4 Bf7 26. Rd1 Re6 27. Kf2 c6 28.
Rd7 Nb4 29. Red4 b6 30. Rd2 Rae8 31. e4 h5 32. e5 Bg6 33. a3 Na6 34. Rb7 Nc5 35.
Rxb6 Be4 36. b4 axb4 37. axb4 1-0

[Event "*** SCC Grand Prix: Titled Tuesday Blitz"]
[Site "Chess.com"]
[Date "2020.07.21"]
[Round "10"]
[White "okriak"]
[Black "Gabix_94"]
[Result "1-0"]
[WhiteElo "2739"]
[BlackElo "2875"]
[TimeControl "180+1"]
[EndTime "11:59:39 PDT"]
[Termination "okriak won by resignation"]

1. Nf3 c5 2. c4 Nc6 3. d4 cxd4 4. Nxd4 Nf6 5. Nc3 Qb6 6. Nb3 e6 7. Be3 Qc7 8. Nb5 Qb8 9. g3 a6 10. Nc3 b5 11. c5 Bb7 12. Bg2 Ne5 13. O-O Bxg2 14. Kxg2 Qb7+ 15. f3 Nc4 16. Qc1 Rc8 17. Bf2 Be7 18. a4 O-O 19. axb5 axb5 20. Na5 Nxa5 21.
Rxa5 b4 22. Rb5 Qa6 23. Rxb4 Bxc5 24. Bxc5 Rxc5 25. Qe3 Rfc8 26. Rd1 h6 27. Rd2 d5 28.
Ra4 Qb7 29. Qd4 Rc4 30. Rxc4 Rxc4 31. Qe5 Rb4 32. Nd1 Qb6 33. Qe3 d4 34. Qe5 Nd5 35. h4 Kh7 36. Qe4+ f5 37. Qe5 Rc4 38. Kh2 Nf6 39. Nf2 Qb4 40. Rd1 Qxb2 41. Qxe6 Rc5 42. Nd3 Qc3 43. Rc1 Qxd3 44. Rxc5 Qd2 45. Qxf5+ Kh8 46.
Rc8+ Ng8 47. Qe6 Qxe2+ 48. Qxe2 1-0

[Event "*** SCC Grand Prix: Titled Tuesday Blitz"]
[Site "Chess.com"]
[Date "2020.07.21"]
[Round "10"]
[White "ecwinslow"]
[Black "jamalm2"]
[Result "1-0"]
[WhiteElo "2199"]
[BlackElo "1859"]
[TimeControl "180+1"]
[EndTime "11:59:39 PDT"]
[Termination "ecwinslow won on time"]

1. e4 c5 2. Nf3 e6 3. c3 d5 4. exd5 Qxd5 5. d4 Nc6 6. Be3 cxd4 7. cxd4 Bb4+ 8. Nc3 Nf6 9. Bd3 O-O 10. O-O Bxc3 11. bxc3 Qh5 12. Rb1 Nd5 13. Bd2 f5 14. c4 Nf6 15. d5 exd5 16. cxd5 Nxd5 17. Bc4 Ne7 18. Bb4 Kh8 19. Bxd5 Re8 20. Bxe7 Rxe7 21. Re1 Rxe1+ 22. Qxe1 Bd7 23. Rxb7 Re8 24. Qd2 Bc8 25. Rb1 f4 26. Bc6 Rf8 27. Qd6 Qf5 28. Re1 Ba6 29. Bd7 1-0

[Event "*** SCC Grand Prix: Titled Tuesday Blitz"]
[Site "Chess.com"]
[Date "2020.07.21"]
[Round "10"]
[White "BikingBrian"]
[Black "davigator"]
[Result "0-1"]
[WhiteElo "2214"]
[BlackElo "2341"]
[TimeControl "180+1"]
[EndTime "11:59:40 PDT"]
[Termination "davigator won by resignation"]

1. d4 Nf6 2. Bg5 e6 3. Nd2 c5 4.
e3 d5 5. c3 Qb6 6. Rb1 Be7 7. Bd3 Bd7 8. f4 Bb5 9. Bc2 Qa6 10. a3 Bd3 11. Ndf3 Bxc2 12. Qxc2 Nc6 13. Ne5 Ne4 14. Bxe7 Nxe7 15. Qe2 c4 16. Ngf3 O-O 17. Nd2 Nd6 18. O-O Rad8 19. e4 f6 20. Nef3 Nf7 21.
e5 f5 22. Kh1 Kh8 23. Rg1 Rg8 24. h3 g5 25. fxg5 Nxg5 26. Nxg5 Rxg5 27. g4 Rdg8 28. gxf5 Rxg1+ 29. Rxg1 Rxg1+ 30. Kxg1 Nxf5 31. Qh5 Qc6 32. Qf7 Qc8 33. Qf6+ Ng7 34. Nf3 Qe8 35. Ng5 Kg8 36.
h4 Qf8 37. Qxf8+ Kxf8 38. Nxh7+ Kf7 39. Ng5+ Kg6 40. Kg2 Kf5 41. Kh3 Nh5 42. Nf7 Nf4+ 43. Kg3 Nd3 44. Nd6+ Kg6 45. Kg4 Nxb2 46. h5+ Kh6 47.
Nf7+ Kg7 48. Ng5 Na4 49. Nxe6+ Kh6 50. Ng5 Nxc3 51. e6 Nb5 52. e7 Nc7 53. Nf7+ Kg7 54. Ne5 c3 55. Kg5 b5 56. h6+ Kh7 57. Kf6 a5 58. Kf7 b4 59. axb4 axb4 60. e8=Q Nxe8 61. Kxe8 b3 62. Nc6 b2 63. Ne7 b1=Q 64. Nxd5 Qe4+ 65.
Ne7 c2 0-1

[Event "*** SCC Grand Prix: Titled Tuesday Blitz"]
[Site "Chess.com"]
[Date "2020.07.21"]
[Round "10"]
[White "Walter_White_Poland"]
[Black "GustavoJuarezF"]
[Result "1-0"]
[WhiteElo "2220"]
[BlackElo "2016"]
[TimeControl "180+1"]
[EndTime "11:59:40 PDT"]
[Termination "Walter_White_Poland won on time"]

1. e4 c5 2. Nf3 Nc6 3. d4 cxd4 4. Nxd4 Nf6 5. Nc3 e5 6. Ndb5 d6 7. Bg5 a6 8. Na3 b5 9. Bxf6 gxf6 10. Nd5 f5 11. c3 Bg7 12. exf5 Bxf5 13. Nc2 O-O 14.
Nce3 Be6 15. Bd3 f5 16. O-O Rc8 17. a4 bxa4 18. Bxa6 Rb8 19. Qxa4 f4 20. Qxc6 fxe3 21. Nxe3 Rxb2 22. Bc4 Bxc4 23. Nxc4 Rc2 24. Nxd6 Qf6 25. Qd5+ Kh8 26. Ne4 Qf4 27. Ra8 h6 28. Rxf8+ Qxf8 29. Qd3 Rb2 30. c4 Qa8 31. c5 Qc6 32. Re1 Bf8 33. Qc3 Qxe4 34. Rxe4 Rb1+ 35. Re1 Bxc5 36. Qxe5+ Kh7 37. Rxb1 Bxf2+ 38. Kxf2 1-0

[Event "*** SCC Grand Prix: Titled Tuesday Blitz"]
[Site "Chess.com"]
[Date "2020.07.21"]
[Round "10"]
[White "Orest_Vovk"]
[Black "Spartakus1975"]
[Result "0-1"]
[WhiteElo "2395"]
[BlackElo "2628"]
[TimeControl "180+1"]
[EndTime "11:59:42 PDT"]
[Termination "Spartakus1975 won on time"]

1. h4 d5 2. h5 e5 3. h6 Nxh6 4. d4 Ng4 5. dxe5 Nxe5 6. Nf3 Nbc6 7. Bf4 Ng6 8. Bg3 Bd6 9. Bxd6 Qxd6 10. c3 O-O 11. e3 Bg4 12. Be2 h6 13. Nbd2 Rad8 14. Qa4 Bd7 15. O-O-O a6 16. Ne4 Qe7 17. Rxd5 Nce5 18.
Qc2 Bc6 19. Rxd8 Rxd8 20. Ng3 Nxf3 21. gxf3 Qe6 22. b3 Ne5 23. e4 Ng6 24. Bc4 Qe5 25.
Nf5 b5 26. Be2 Qf4+ 27. Ne3 Ne5 28. Rd1 Re8 29. Kb2 Nxf3 30. Bxf3 Qxf3 31. Nd5 Qxe4 32. Rd2 Bxd5 0-1

[Event "*** SCC Grand Prix: Titled Tuesday Blitz"]
[Site "Chess.com"]
[Date "2020.07.21"]
[Round "10"]
[White "MarceloPlaya"]
[Black "j2806"]
[Result "1-0"]
[WhiteElo "2269"]
[BlackElo "2043"]
[TimeControl "180+1"]
[EndTime "11:59:43 PDT"]
[Termination "MarceloPlaya won by resignation"]

1. e4 c5 2. Nf3 d6 3. d4 cxd4 4. Nxd4 Nf6 5. Nc3 a6 6. Bg5 e6 7. f4 Be7 8. Qf3 Qc7 9. O-O-O Nbd7 10. g4 b5 11. Bxf6 Nxf6 12. g5 Nd7 13. f5 e5 14.
Nde2 f6 15. Nd5 Qd8 16. Qh5+ Kf8 17. h4 Nb6 18. Nxe7 Qxe7 19. Ng3 Bb7 20. Rh2 Rc8 21.
Rhd2 Rd8 22. Qg4 d5 23. exd5 Rxd5 24. Rxd5 Nxd5 25. Rd3 Kf7 26. g6+ hxg6 27. fxg6+ Kf8 28. Bg2 Qc5 29. Bxd5 Bxd5 30. Ne4 Qc6 31. Nc3 Be6 32.
Qb4+ Ke8 33. a4 Bc4 34. axb5 axb5 35. Rd6 Qh1+ 36. Nd1 Rxh4 37. Qa5 1-0

[Event "*** SCC Grand Prix: Titled Tuesday Blitz"]
[Site "Chess.com"]
[Date "2020.07.21"]
[Round "10"]
[White "ErikRonka"]
[Black "BeanScreen"]
[Result "0-1"]
[WhiteElo "2373"]
[BlackElo "2663"]
[TimeControl "180+1"]
[EndTime "11:59:44 PDT"]
[Termination "BeanScreen won on time"]

1. e4 e5 2. Nc3 Nc6 3. Bc4 Nf6 4. d3 Na5 5. Bb3 Nxb3 6. axb3 d5 7. exd5 Nxd5 8. Qh5 Nxc3 9. Qxe5+ Be7 10. bxc3 O-O 11. Qd4 Bd7 12. Ne2 Bf6 13. Qc4 Re8 14. Be3 Bg5 15. O-O Bc6 16. Bxg5 Qxg5 17. Ng3 Re2 18. Qd4 a6 19. h4 Qg6 20. h5 Qg5 21. h6 gxh6 22.
Rae1 Rae8 23. Rxe2 Rxe2 24. Ne4 Qg6 25. Nf6+ Kf8 26. g3 Qf5 27. Qd8+ Kg7 28. Ne4 Qf3 29. Qxc7 Rxe4 30. dxe4 Bxe4 31. Qe5+ Kg6 32. Qd6+ f6 0-1

[Event "*** SCC Grand Prix: Titled Tuesday Blitz"]
[Site "Chess.com"]
[Date "2020.07.21"]
[Round "10"]
[White "killer311"]
[Black "Th3_Hound"]
[Result "0-1"]
[WhiteElo "2413"]
[BlackElo "2603"]
[TimeControl "180+1"]
[EndTime "11:59:45 PDT"]
[Termination "Th3_Hound won by resignation"]

1. d4 Nf6 2. c4 g6 3. g3 d5 4. Bg2 Bg7 5. Nf3 O-O 6. O-O dxc4 7.
Na3 c3 8. bxc3 c5 9. Bb2 Nc6 10. Rc1 Bf5 11. Nc4 Qc7 12. Nce5 Rad8 13. Qa4 Ne4 14.
Nxc6 bxc6 15. Nh4 Rb8 16. Ba3 Nd6 17. Bxc5 Bd7 18. Rb1 Rfe8 19. Qxa7 Qxa7 20. Bxa7 Ra8 21. Bc5 Rxa2 22. e4 g5 23. e5 Nb5 24. Nf3 Nxc3 25.
Rb7 Bc8 26. Rxe7 Rxe7 27. Bxe7 h6 28. h3 Ba6 29. Re1 Bf8 30. Bxf8 Kxf8 31. e6 Ne2+ 32. Kh2 fxe6 33. Ne5 Nxd4 34. Rd1 Nf5 35. Nxc6 Rxf2 36. Rd8+ Kg7 37. Rd7+ Kf6 38. Kg1 Rc2 39. Nb4 Rc1+ 40. Kh2 Bb5 41. Rb7 Be2 42. g4 Nh4 43. Be4 Rd1 44.
Nc2 Rd2 45. Kh1 Bf3+ 46. Bxf3 Nxf3 0-1

[Event "*** SCC Grand Prix: Titled Tuesday Blitz"]
[Site "Chess.com"]
[Date "2020.07.21"]
[Round "10"]
[White "Gorin_Leonid"]
[Black "Vladislav_Chizhikov"]
[Result "1-0"]
[WhiteElo "2590"]
[BlackElo "2445"]
[TimeControl "180+1"]
[EndTime "11:59:45 PDT"]
[Termination "Gorin_Leonid won by checkmate"]

1. e4 e6 2. d4 d5 3. Nd2 dxe4 4. Nxe4 Nd7 5. Nf3 Ngf6 6. Nxf6+ Nxf6 7. g3 c5 8. Bg2 cxd4 9. Qxd4 Qxd4 10. Nxd4 a6 11. c4 Bb4+ 12. Bd2 Bxd2+ 13. Kxd2 Ke7 14. Kc3 Rd8 15.
Rad1 Ng4 16. f4 Nf2 17. Rhe1 Nxd1+ 18. Rxd1 Rb8 19. b4 Bd7 20. Kb3 b6 21. a4 Rbc8 22.
b5 axb5 23. axb5 Rc5 24. Ra1 e5 25. fxe5 Rxe5 26. Ra7 Kd6 27. Kb4 Re1 28. Rb7 Rb1+ 29. Kc3 Be8 30. Nb3 Rg1 31. Bd5 Ke5 32. Rxb6 f5 33.
Nc5 Rc1+ 34. Kb4 Rb1+ 35. Nb3 Bd7 36. Kc3 g5 37. Nc5 Rc1+ 38. Kd2 Ra1 39. Kd3 Ra3+ 40. Kc2 f4 41. gxf4+ gxf4 42. Nd3+ Kd4 43. Nxf4 Bf5+ 44.
Kb2 Re3 45. Rf6 Bg4 46. b6 h5 47. b7 Rb8 48. Rf7 Kc5 49. Kc2 h4 50. Nd3+ Kd4 51. Rf4+ Re4 52. Rxe4# 1-0

[Event "*** SCC Grand Prix: Titled Tuesday Blitz"]
[Site "Chess.com"]
[Date "2020.07.21"]
[Round "10"]
[White "Chessdemon2019"]
[Black "JesseKraai"]
[Result "0-1"]
[WhiteElo "2372"]
[BlackElo "2528"]
[TimeControl "180+1"]
[EndTime "11:59:46 PDT"]
[Termination "JesseKraai won on time"]

1. e4 d6 2. d4 Nf6 3. Nc3 e5 4. Nf3 Nbd7 5. Bc4 Be7 6. O-O c6 7. h3 b5 8. Bb3 Bb7 9. a3 O-O 10. Re1 Qc7 11. Nh4 g6 12. Bh6 Rfe8 13. Nf3 a6 14.
Ng5 d5 15. exd5 cxd5 16. dxe5 Nxe5 17. Qd4 Nc4 18. Bxc4 dxc4 19. Nce4 Qc6 20. f3 Rad8 21. Qc3 Qb6+ 22. Kh1 a5 23. b4 axb4 24. axb4 Nh5 25. g4 Bf6 26. Nxf6+ Qxf6 27. Qxf6 Nxf6 28. Rxe8+ Rxe8 29. Ra7 Re7 30. Ne4 Nxe4 31. Kg2 Nd6 32. Bg5 Rd7 33.
Bf6 Nc8 34. Ra1 Ne7 35. Re1 Kf8 36. Kg3 Nd5 37. Bg5 f6 38. Bh6+ Kf7 39. h4 Nxb4 40. h5 Nxc2 41. hxg6+ Kxg6 42. Rh1 Rd3 43. Bf4 Rxf3+ 44.
Kg2 Rxf4+ 0-1

[Event "*** SCC Grand Prix: Titled Tuesday Blitz"]
[Site "Chess.com"]
[Date "2020.07.21"]
[Round "10"]
[White "qingaunlee"]
[Black "benko_008"]
[Result "0-1"]
[WhiteElo "2338"]
[BlackElo "2434"]
[TimeControl "180+1"]
[EndTime "11:59:47 PDT"]
[Termination "benko_008 won by resignation"]

1. e4 c5 2. Nf3 e6 3. d4 cxd4 4. Nxd4 a6 5. Bd3 d6 6. O-O Nf6 7. c4 b6 8. Nc3 Bb7 9. Be3 g6 10. f4 Bg7 11. f5 Qe7 12. Qe2 Nbd7 13. Rae1 O-O 14. Bc2 Ne5 15. h3 Rac8 16. b3 b5 17.
Bd3 Nxd3 18. Qxd3 bxc4 19. bxc4 Nd7 20. Nf3 Nc5 21. Bxc5 Rxc5 22. Na4 Ra5 23. Qb3 Qc7 24. fxe6 fxe6 25. c5 d5 26. e5 Rb5 27. Qc3 Ra5 28.
Qb4 Bc6 29. Nb6 Rb5 30. Qc3 Be8 31. Rc1 Bh6 32. Rc2 Rf4 33. Nd4 Re4 34. Nxb5 axb5 35.
Qf3 b4 36. Rcf2 Rf4 37. Qe3 Rxf2 38. Qxf2 Bb5 39. Re1 Bf8 40. Qd4 Bxc5 0-1

[Event "*** SCC Grand Prix: Titled Tuesday Blitz"]
[Site "Chess.com"]
[Date "2020.07.21"]
[Round "10"]
[White "VALPARAISO37"]
[Black "SanchezKelvin"]
[Result "1-0"]
[WhiteElo "2293"]
[BlackElo "2382"]
[TimeControl "180+1"]
[EndTime "11:59:47 PDT"]
[Termination "VALPARAISO37 won on time"]

1. d4 d5 2. c4 c6 3. Nc3 Nf6 4.
e3 Bg4 5. f3 Bh5 6. g4 Bg6 7. h4 h5 8. g5 Ng8 9. cxd5 cxd5 10. Qb3 Nc6 11. Qxb7 Qc8 12. Ba6 Nb4 13. Qb5+ Qc6 14. Qxc6+ Nxc6 15. Bb7 Nb4 16. Bxa8 Nc2+ 17.
Kd1 Nxa1 18. Bxd5 Nc2 19. a3 e5 20. Bc6+ Kd8 21. dxe5 Bc5 22. Ke2 Ne7 23. Ba4 Nf5 24. Ne4 Bxe3 25. Bxc2 Bxc1 26. Nh3 Bxb2 27. Nf4 Nd4+ 28.
Kd3 Bxe4+ 29. fxe4 Nxc2 30. Kxc2 Bxe5 31. Nd3 Bd6 32. Rd1 Ke7 33. Rb1 Rc8+ 34. Kd2 Rc7 35. a4 Bg3 36. Rh1 Rc4 37. Rb1 Bxh4 38.
Rb7+ Kd8 39. Rxf7 Bxg5+ 40. Kd1 Bh6 41. Rxa7 h4 42. Nf2 Kc8 43. a5 Kb8 44. Ra6 Ra4 45.
Rb6+ Kc7 46. Rb5 Ra2 47. Rf5 g5 48. Rf7+ 1-0

[Event "*** SCC Grand Prix: Titled Tuesday Blitz"]
[Site "Chess.com"]
[Date "2020.07.21"]
[Round "10"]
[White "NotFischer"]
[Black "Yoshikrov"]
[Result "0-1"]
[WhiteElo "2236"]
[BlackElo "2148"]
[TimeControl "180+1"]
[EndTime "11:59:47 PDT"]
[Termination "Yoshikrov won on time"]

1. e4 c5 2. Nf3 d6 3. d4 cxd4 4. Nxd4 Nf6 5. Nc3 a6 6. Be2 e5 7. Nb3 Be6 8. O-O Be7 9. Be3 O-O 10. a4 Nbd7 11. a5 Rc8 12. Nd2 d5 13. exd5 Nxd5 14.
Nxd5 Bxd5 15. c4 Bc6 16. Bf3 Nf6 17. Qc2 Bb4 18. Rfd1 Qe7 19. Bxc6 Rxc6 20. Bg5 Bxd2 21. Rxd2 Rfc8 22. b3 h6 23. Bh4 Qb4 24. Bxf6 Rxf6 25. Rd5 Re8 26. Rad1 e4 27. Rd7 Rfe6 28. h3 e3 29.
fxe3 Rxe3 30. Qf5 Re1+ 31. Kh2 R1e7 32. Rf1 f6 33. Qd5+ Kf8 34. Rd6 Qc3 0-1

[Event "*** SCC Grand Prix: Titled Tuesday Blitz"]
[Site "Chess.com"]
[Date "2020.07.21"]
[Round "10"]
[White "rugbyclub"]
[Black "andy_rekt"]
[Result "1-0"]
[WhiteElo "2143"]
[BlackElo "2214"]
[TimeControl "180+1"]
[EndTime "11:59:47 PDT"]
[Termination "rugbyclub won by checkmate"]

1. c4 e5 2. Nc3 Nf6 3. Nf3 Nc6 4.
e3 Bb4 5. Qc2 O-O 6. Nd5 Be7 7.
a3 d6 8. Bd3 g6 9. b4 Re8 10.
Bb2 Bf8 11. Ng5 Bg7 12. h4 Nxd5 13. cxd5 Ne7 14. h5 Nf5 15. Nxh7 e4 16. Bxg7 exd3 17. Qb2 Nxg7 18. Nf6+ Kf8 19. h6 Re5 20. f4 Qxf6 21.
fxe5 dxe5 22. h7 Nh5 23. O-O-O Kg7 24. Rdf1 Qg5 25. Rxf7+ Kh8 26. Rhf1 Bg4 27. Rxc7 Nf6 28. d6 Nxh7 29. d7 Rd8 30. Rf7 Kg8 31. Rxh7 Kxh7 32.
Qb3 Rxd7 33. Rxd7+ Bxd7 34. Qf7+ Kh6 35. Qf8+ Kh5 36. Qh8+ Kg4 37. Qh3# 1-0

[Event "*** SCC Grand Prix: Titled Tuesday Blitz"]
[Site "Chess.com"]
[Date "2020.07.21"]
[Round "10"]
[White "BilguunSu"]
[Black "Anton_Demchenko"]
[Result "0-1"]
[WhiteElo "2668"]
[BlackElo "2833"]
[TimeControl "180+1"]
[EndTime "11:59:48 PDT"]
[Termination "Anton_Demchenko won by resignation"]

1. e4 e5 2. Nf3 Nc6 3. Bc4 Nf6 4. d3 h6 5. Bb3 d6 6. c3 g6 7. Nbd2 Bg7 8. Nf1 O-O 9. Ng3 Na5 10. Bc2 c5 11. h4 Bg4 12. Be3 Re8 13. Qd2 h5 14.
Bh6 d5 15. Bxg7 Kxg7 16. Qg5 Nh7 17. Qc1 d4 18. c4 Bxf3 19. gxf3 Qf6 20. Bd1 Nf8 21.
Rg1 Kh7 22. a3 Ne6 23. b4 Nf4 24. Qd2 Nc6 25. bxc5 Nd8 26. Ne2 Nde6 27. Nxf4 Nxf4 28. Rh1 Rac8 29. Rb1 Re7 30. Rb5 Rc6 31. Be2 Rec7 32. Qb4 Qe7 33. Kd2 Rxc5 34. Rb1 b6 35. a4 Qxh4 36. Rf1 Qg5 37. Kd1 h4 38. a5 Rxb5 39. Qxb5 Qf6 40. axb6 axb6 41. Qa6 h3 42. Rh1 Kg7 43.
Qa8 Qe7 44. Bf1 Ra7 0-1

[Event "*** SCC Grand Prix: Titled Tuesday Blitz"]
[Site "Chess.com"]
[Date "2020.07.21"]
[Round "10"]
[White "IMHansNiemann"]
[Black "MiroVlasenko"]
[Result "0-1"]
[WhiteElo "2943"]
[BlackElo "2755"]
[TimeControl "180+1"]
[EndTime "11:59:49 PDT"]
[Termination "MiroVlasenko won by resignation"]

1. d4 Nc6 2. Nf3 d6 3. e4 Nf6 4. d5 Ne5 5. Nxe5 dxe5 6. Nc3 e6 7. Bb5+ Bd7 8. dxe6 fxe6 9. Bxd7+ Qxd7 10. Qxd7+ Nxd7 11. Bd2 Bc5 12. Ke2 Ke7 13. Rad1 Rhd8 14. f3 h6 15. Na4 Bd6 16. b3 b5 17. Nb2 c6 18. Be3 a5 19.
a4 Rab8 20. Ra1 Bb4 21. Nd3 Bc3 22. Rab1 Kf6 23. Rhd1 Bd4 24. Bd2 b4 25. Be3 c5 26.
g3 Nb6 27. Nxc5 Rdc8 28. Bxd4 exd4 29. Nd3 Rxc2+ 30. Rd2 Rbc8 31. f4 R8c3 32. Ne5 h5 33.
Rxc2 Rxc2+ 34. Kd3 Rxh2 35. Kxd4 Rg2 36. Kc5 Nc8 37. Kb5 Rxg3 38. Kxa5 g5 39. Nc4 gxf4 40. Kxb4 h4 41. a5 h3 42. Rh1 Kg5 43. Ne5 Re3 44. Kc5 Rxb3 45. a6 Ra3 46. Kb5 Kh4 47. Rg1 Nd6+ 48. Kc6 Rxa6+ 49. Kc5 Nxe4+ 50. Kd4 Ng3 51. Ng6+ Kg4 52. Ne5+ Kf5 53. Nf3 Ra3 0-1